 Dungeon Crawl Stone Soup version 0.28-a0-851-g8b9cc49659 (webtiles) character file.

Game seed: 3324341256014104282

2446 Crownlay the Basher (level 9, -12/80 HPs)
             Began as a Troll Berserker on Nov 14, 2021.
             Was a Priest of Trog.
             Mangled by a skeletal warrior (21 damage)
             ... led by a skeletal warrior
             ... on level 7 of the Dungeon.
             The game lasted 00:09:02 (5778 turns).

Crownlay the Basher (Troll Berserker)               Turns: 5778, Time: 00:09:02

Health: -12/80     AC:  5    Str: 30    XL:     9   Next: 25%
Magic:  8/8        EV: 10    Int:  9    God:    Trog [***...]
Gold:   304        SH:  0    Dex:  9    Spells: 8/8 levels left

rFire   . . .      SeeInvis +   a - +0 mace
rCold   . . .      Faith    .   (no shield)
rNeg    . . .      Spirit   .   b - +0 animal skin
rPois   .          Reflect  .   (helmet restricted)
rElec   .          Harm     .   u - +0 cloak
rCorr   .          Rampage  .   (gloves unavailable)
Will    ++...                   (boots unavailable)
Stlth   +.........              (no amulet)
HPRegen 2.23/turn               e - ring of see invisible
MPRegen 0.11/turn               v - +6 ring of intelligence

@: strong-willed (expiring), on berserk cooldown, regenerating (expiring),
slowed, very slow
A: large, unfitting armour, claws 3, regeneration 1, shaggy fur 1, tough skin 1
a: Renounce Religion, Berserk, Trog's Hand


You were on level 7 of the Dungeon.
You worshipped Trog.
Trog was most pleased with you.
You visited 1 branch of the dungeon, and saw 7 of its levels.
You also visited: Sewer.

You collected 304 gold pieces.

Inventory:

Hand Weapons
 a - a +0 mace (weapon)
Missiles
 n - 6 javelins (quivered)
 E - 3 atropa-tipped darts
Armour
 b - a +0 animal skin (worn)
 i - a scarf of invisibility
 u - a +0 cloak (worn)
Jewellery
 e - a ring of see invisible (left claw)
 v - a +6 ring of intelligence (right claw)
 y - a ring of willpower
Wands
 m - a wand of charming (10)
 w - a wand of paralysis (14)
 z - a wand of polymorph (6)
 A - a wand of iceblast (3)
Scrolls
 f - 3 scrolls of fear
 k - 2 scrolls of immolation
 l - a scroll of identify
 p - a scroll of enchant weapon
 q - 2 scrolls of teleportation
 r - 2 scrolls of summoning
 t - a scroll of holy word
Potions
 c - a potion of attraction {unknown}
 d - a potion of resistance {unknown}
 g - a potion of curing {unknown}
 h - a potion of haste {unknown}
 j - 2 potions of heal wounds {unknown}
 o - 4 potions of degeneration {unknown}
 s - a potion of ambrosia {unknown}
 x - a potion of flight {unknown}
 B - 2 potions of mutation {unknown}
 C - a potion of might {unknown}
 D - 2 potions of lignification {unknown}


   Skills:
 - Level 2.4 Fighting
 + Level 10.1 Maces & Flails
 - Level 6.0 Throwing
 - Level 2.4 Dodging


You had 8 spell levels left.
You didn't know any spells.
Your spell library was empty.

Dungeon Overview and Level Annotations

Branches:
Dungeon (7/15)             Temple (0/1) D:4           Sewer (visited)

Altars:
Fedhas
Vehumet


Innate Abilities, Weirdness & Mutations

You are too large for most types of armour.
You have claws for hands.
Your natural rate of healing is unusually fast.
You are covered in fur. (AC +1)
You have tough skin. (AC +1)


Message History

The skeletal warrior closely misses you.
A red film seems to cover your vision as you go berserk!
You feel yourself moving faster!
You feel mighty!
The skeletal warrior hits you with a +0 short sword!
You hit the skeletal warrior but do no damage.
The skeletal warrior hits you with a +0 war axe!
The skeletal warrior hits you with a +0 short sword!
You barely miss the skeletal warrior.
The skeletal warrior closely misses you.
You hit the skeletal warrior.
The skeletal warrior is lightly damaged.
The skeletal warrior hits you with a +0 short sword!
You closely miss the skeletal warrior.
The skeletal warrior is lightly damaged.
The skeletal warrior hits you with a +0 war axe!
The skeletal warrior hits you with a +0 short sword!
You sock the skeletal warrior!
The skeletal warrior is moderately damaged.
The skeletal warrior hits you with a +0 war axe!
You hit the skeletal warrior.
The skeletal warrior is moderately damaged.
The skeletal warrior hits you with a +0 short sword.
You hit the skeletal warrior.
The skeletal warrior is moderately damaged.
The skeletal warrior hits you with a +0 war axe!!
* * * LOW HITPOINT WARNING * * *
The skeletal warrior closely misses you.
You feel a strong urge to attack something.
The skeletal warrior hits you with a +0 short sword.
* * * LOW HITPOINT WARNING * * *
You are no longer berserk.
You are exhausted.
You feel yourself slow down.
The skeletal warrior hits you with a +0 war axe!
* * * LOW HITPOINT WARNING * * *
You feel the effects of Trog's Hand fading.
The skeletal warrior hits you with a +0 war axe.
* * * LOW HITPOINT WARNING * * *
The skeletal warrior hits you with a +0 short sword!!
You die...

.#.........#
##...#............
########'###
#....#............
...........#
#....#............
...........#
#....#............
...........#
#....#............
...........#
#....#............
......#....#
#....#............
......#....#
#zz..#............
.<..#.###..#
#@...#..z.........
..!.#......#
#....#............
..#†###....#
#....#............
..#........#
#....'............
#.###......#
#....#......######
#..........######...#......#
###..#.....#...##...+......#
....##.....+...##...#......#
#..........#...######......#


You could see 2 skeletal warriors.

Vanquished Creatures
  Sigmund (D:6)
  Menkaure (D:5)
  An orc warrior (D:7)
  A sky beast (D:5)
  A hornet zombie (D:5)
  3 black bears
  4 necrophages
  3 ogres (D:4)
  A phantom (D:4)
  A kobold brigand (D:7)
  2 bullfrogs (D:7)
  A scorpion (D:7)
  2 vampire bats (D:7)
  A centaur zombie (D:6)
  A centaur skeleton (D:7)
  2 jellies
  An orc priest (D:7)
  4 hounds
  Ijyb (D:5)
  An orc wizard (D:4)
  A killer bee zombie (D:6)
  3 gnolls (D:6)
  8 adders
  2 river rats (D:4)
  2 white imps
  2 ufetubi
  An adder skeleton (D:4)
  A worm (D:2)
  3 dart slugs
  11 orcs
  14 ball pythons
  4 endoplasms
  4 giant cockroaches
  5 goblins
  7 hobgoblins
  10 jackals
  4 quokkas
  11 bats
  2 frilled lizards (Sewer)
  14 kobolds
  9 rats
151 creatures vanquished.

Vanquished Creatures (others)
  A fungus (D:5)
  5 plants
6 creatures vanquished.

Grand Total: 157 creatures vanquished

Notes
Turn   | Place    | Note
-------+----------+-------------------------------------------
     0 | D:1      | Crownlay the Troll Berserker began the quest for the Orb.
     0 | D:1      | Reached XP level 1. HP: 22/22 MP: 0/0
   297 | D:1      | Reached skill level 1 in Throwing
   666 | D:1      | Reached XP level 2. HP: 29/29 MP: 1/1
   888 | D:2      | Reached skill level 3 in Maces & Flails
  1057 | D:2      | Reached XP level 3. HP: 28/36 MP: 2/2
  1151 | D:2      | Reached ** piety under Trog
  2036 | D:4      | Found a staircase to the Ecumenical Temple.
  2045 | D:4      | Reached XP level 4. HP: 44/44 MP: 3/3
  2049 | D:4      | Noticed an ogre
  2049 | D:4      | Noticed an ogre
  2049 | D:4      | Noticed a necrophage
  2054 | D:4      | Killed an ogre
  2055 | D:4      | Reached XP level 5. HP: 50/50 MP: 4/4
  2057 | D:4      | Killed an ogre
  2058 | D:4      | Reached skill level 4 in Maces & Flails
  2078 | D:4      | Killed a necrophage
  2079 | D:4      | Reached XP level 6. HP: 31/59 MP: 5/5
  2207 | D:4      | Found a glowing drain.
  2226 | Sewer    | Entered a sewer
  2464 | Sewer    | Reached skill level 5 in Throwing
  2953 | D:4      | Reached XP level 7. HP: 66/66 MP: 6/6
  3337 | D:4      | Reached *** piety under Trog
  3351 | D:4      | Reached skill level 5 in Maces & Flails
  3884 | D:5      | Entered Level 5 of the Dungeon
  3990 | D:5      | Reached skill level 6 in Maces & Flails
  4202 | D:5      | Found a blossoming altar of Fedhas.
  4207 | D:5      | Noticed Menkaure
  4211 | D:5      | Reached XP level 8. HP: 74/74 MP: 7/7
  4222 | D:5      | Killed Menkaure
  4223 | D:5      | Reached skill level 7 in Maces & Flails
  4387 | D:5      | Noticed Ijyb
  4409 | D:5      | Killed Ijyb
  4523 | D:5      | Found a radiant altar of Vehumet.
  4644 | D:6      | Noticed Sigmund
  4653 | D:6      | Killed Sigmund
  4654 | D:6      | Reached skill level 8 in Maces & Flails
  4680 | D:5      | Reached skill level 9 in Maces & Flails
  5164 | D:7      | Reached XP level 9. HP: 80/80 MP: 8/8
  5567 | D:7      | Reached skill level 10 in Maces & Flails
  5731 | D:7      | Noticed a skeletal warrior
  5731 | D:7      | Noticed a skeletal warrior
  5775 | D:7      | HP: 1/80 [skeletal warrior[a skeletal warrior] (12)]
  5778 | D:7      | Mangled by a skeletal warrior

Illustrated notes

Levels and vault maps discovered:
D:1:      sevenhm_arrival_forest_fort_large_4, layout_loops_ring
D:2:      layout_rooms, roderic_malta_cross, columned_hall_lemuel,
          ebering_dispersal_statue_hall, minmay_quadrilaterals
D:3:      layout_loops_ring
D:4:      kb_forest_paths, layout_basic, minmay_temple_entry_statues,
          portal_sewer_entry_e, minmay_joined_circles
D:5:      layout_gridville, general_overflow_altar, fedhas_altar_3, uniq_ijyb,
          uniq_menkaure
D:6:      layout_cave_pools, uniq_sigmund
D:7:      layout_gridville, enter_ossuary_2, hangedman_abyss_or_decor_stabs,
          roderic_batcave

Skill      XL: |  1  2  3  4  5  6  7  8  9 |
---------------+----------------------------+-----
Throwing       | 1 2 3 4 5 6 |  6.0
Maces & Flails | 3 4 6 9 10 | 10.1
Fighting       | |  2.4
Dodging        | |  2.4

Action                   |  1- 3 |  4- 6 |  7- 9 || total
-------------------------+-------+-------+-------++-------
Melee: Mace              |   142 |   145 |   343 ||   630
Invok: Trog's Hand       |       |     4 |    10 ||    14
       Berserk           |       |     2 |     6 ||     8
  Use: Scroll            |     5 |       |     3 ||     8
 Stab: Sleeping          |       |     1 |       ||     1
Armor: Animal skin       |    88 |    70 |   183 ||   341
Dodge: Dodged            |   111 |    95 |   255 ||   461

Table legend: (Time is in decaauts)
 A = Elapsed time spent in this place.
 B = Non-inter-level travel time spent in this place.
 C = Inter-level travel time spent in this place.
 D = Time resting spent in this place.
 E = Time spent auto-exploring this place.
 F = Levels seen in this place.
 G = Mean time per level.
                   A        B        C        D        E       F      G
               +--------+--------+--------+--------+--------+-----+--------+
         Total |   6047 |   5786 |    261 |      0 |   3903 |   8 |  755.9 |
       Dungeon |   5203 |   4942 |    261 |      0 |   3262 |   7 |  743.3 |
         Sewer |    843 |    843 |      0 |      0 |    640 |   1 |  843.0 |
               +--------+--------+--------+--------+--------+-----+--------+

Top non-repeatable levels by time:
     D:4: 1224 daAuts
   Sewer: 843 daAuts
     D:5: 780 daAuts
     D:1: 753 daAuts
     D:7: 676 daAuts
     D:2: 656 daAuts
     D:3: 653 daAuts
     D:6: 458 daAuts
